 Dungeon Crawl Stone Soup version 0.22-a0-833-g8522bf8 (webtiles) character file.

130 theanonym the Chopper (level 4, -5/35 HPs)
             Began as a Mummy Warper on July 25, 2018.
             Slain by a hippogriff (6 damage)
             ... on level 4 of the Dungeon.
             The game lasted 00:03:01 (3744 turns).

theanonym the Chopper (Mummy Warper)                Turns: 3744, Time: 00:03:02

Health: -5/35      AC:  9    Str: 15    XL:     4   Next: 90%
Magic:  12/17      EV:  2    Int: 12    God:
Gold:   126        SH: 11    Dex: 11    Spells: 8/8 levels left

rFire    x . .     SeeInvis .   a - +0 hand axe
rCold    + . .     Gourm    .   g - +0 large shield
rNeg     + + +     Faith    .   c - +0 chain mail
rPois    ∞         Spirit   .   (no helmet)
rElec    .         Reflect  .   d - +0 cloak
rCorr    .         Harm     .   (no gloves)
MR       .....                  (no boots)
Stlth    ..........             (no amulet)
HPRegen  0.11/turn              f - ring of magical power
MPRegen  0.15/turn              (no ring)

@: no status effects
A: no food or potions, fire vulnerability, cold resistance 1, negative energy
resistance 3, torment resistance, unbreathing
a: no special abilities


Innate Abilities, Weirdness & Mutations

You do not eat or drink.
Your flesh is vulnerable to fire.
You are immune to poison.
Your flesh is cold resistant. (rC+)
You are immune to negative energy. (rN+++)
You are immune to unholy pain and torment.
You can survive without breathing.


   Skills:
 + Level 3.1 Fighting
 * Level 3.3 Axes
 - Level 0.7 Throwing
 - Level 0.7 Armour
 - Level 1.5 Dodging
 + Level 1.3 Shields
 - Level 2.6 Spellcasting
   Level 2.4 Translocations


You had 8 spell levels left.
You didn't know any spells.
Your spell library contained the following spells:

 Spells                   Type           Power        Failure   Level  Hunger
 Teleport Other           Tloc           #.......     100%        3    N/A
 Blink                    Tloc           N/A          100%        2    N/A
 Passage of Golubria      Tloc           N/A          100%        4    N/A
 Shroud of Golubria       Chrm/Tloc      #.........   100%        2    N/A
 Gell's Gravitas          Tloc           #.........   100%        3    N/A
 Lesser Beckoning         Tloc           #.........   100%        3    N/A

Skill      XL: |  1  2  3  4 |
---------------+-------------+-----
Axes           | 2 3 |  3.3
Shields        | 1 |  1.3
Fighting       | 3 |  3.1
Throwing       | |  0.7
Armour         | |  0.7
Dodging        | |  1.5
Spellcasting   | |  2.6
Translocations | |  2.4

Action                   |  1- 3 |  4- 6 || total
-------------------------+-------+-------++-------
Melee: Hand axe          |   144 |   111 ||   255
  Use: Scroll            |       |     3 ||     3
Armor: Leather armour    |    38 |    32 ||    70
       Chain mail        |       |    43 ||    43
Dodge: Dodged            |    42 |    43 ||    85
Block: Large shield      |    78 |    91 ||   169

Inventory:

Hand Weapons
 a - a +0 hand axe (weapon)
Missiles
 e - 5 tomahawks of dispersal (quivered)
 i - 3 tomahawks
Armour
 b - a +0 leather armour
 c - a +0 chain mail (worn)
   (You found it on level 4 of the Dungeon)
 d - a +0 cloak (worn)
   (You found it on level 1 of the Dungeon)
 g - a +0 large shield (worn)
   (You found it on level 1 of the Dungeon)
Jewellery
 f - a ring of magical power (left hand)
   (You found it on level 4 of the Dungeon)
Wands
 j - a wand of random effects (26)
   (You took it off Ijyb on level 4 of the Dungeon)
Scrolls
 h - a scroll of enchant weapon
 n - 2 scrolls of remove curse
 r - 2 scrolls of identify


You were on level 4 of the Dungeon.
You were not hungry.

You visited 1 branch of the dungeon, and saw 4 of its levels.

You collected 126 gold pieces.

Dungeon Overview and Level Annotations

Branches:
Dungeon (4/15)
 Temple: D:4-7

Altars:
Elyvilon

..... ...# #######
....... ...+
#......#.......# ...#
.......#.......# ...#
.......#.......# ...#
.......#.......# ...#
#......#.......# ...#
#.....†#.......# ...#
......H@.......#
...#######...).†#.......#
.........#......#.......#
###..†...########.......#
..#..............########
..#..............#
..#..............#
..#..............#
..#..............#


You could see a hippogriff.

Notes
Turn   | Place    | Note
-------+----------+-------------------------------------------
     0 | D:1      | theanonym the Mummy Warper began the quest for the Orb.
     0 | D:1      | Reached XP level 1. HP: 16/16 MP: 4/4
    49 | D:1      | HP: 4/16 [kobold/short sword (6)]
   308 | D:1      | Reached skill level 2 in Axes
   360 | D:1      | Reached XP level 2. HP: 22/22 MP: 5/5
  1077 | D:2      | Reached XP level 3. HP: 15/28 MP: 7/7
  1254 | D:2      | HP: 14/28 [adder (2)]
  1259 | D:2      | HP: 8/28 [adder (4)]
  1260 | D:2      | HP: 3/28 [adder (5)]
  1265 | D:2      | HP: 1/28 [adder (2)]
  2036 | D:3      | HP: 14/28 [adder (3)]
  2041 | D:3      | HP: 7/28 [adder (4)]
  2373 | D:3      | Reached XP level 4. HP: 31/34 MP: 8/8
  2489 | D:3      | Reached skill level 3 in Axes
  2489 | D:3      | Reached skill level 1 in Shields
  2495 | D:3      | HP: 17/34 [adder (4)]
  2500 | D:3      | HP: 13/34 [adder (2)]
  3082 | D:4      | Noticed Ijyb
  3106 | D:4      | HP: 17/34 [Ijyb/dagger (2)]
  3107 | D:4      | Killed Ijyb
  3107 | D:4      | Reached skill level 3 in Fighting
  3294 | D:4      | Found a white marble altar of Elyvilon.
  3309 | D:4      | Noticed a hippogriff
  3317 | D:4      | HP: 13/35 [hippogriff (8)]
  3317 | D:4      | HP: 6/35 [hippogriff (7)]
  3330 | D:4      | HP: 5/35 [jackal (1)]
  3736 | D:4      | HP: 15/35 [hippogriff (4)]
  3738 | D:4      | HP: 5/35 [hippogriff (3)]
  3743 | D:4      | HP: 3/35 [hippogriff (2)]
  3744 | D:4      | HP: 1/35 [hippogriff (3)]
  3744 | D:4      | Slain by a hippogriff

Vanquished Creatures
  Ijyb (D:4)
  5 adders
  3 dart slugs
  A leopard gecko (D:2)
  2 giant cockroaches
  6 goblins
  5 hobgoblins
  9 jackals
  3 ball pythons
  4 bats
  3 frilled lizards
  5 kobolds
  4 rats
51 creatures vanquished.

Table legend:
 A = Turns spent in this place as a percentage of turns spent in the entire game.
 B = Non-inter-level travel turns spent in this place as a percentage of non-inter-level travel turns spent in the entire game.
 C = Inter-level travel turns spent in this place as a percentage of turns spent in this place.
 D = Turns resting spent in this place as a percentage of non-inter-level travel turns spent in this place.
 E = Turns spent auto-exploring this place as a percentage of non-inter-level travel turns spent in this place.
 F = Non-inter-level travel turns spent in this place divided by the number of levels of this place that you've seen.
                   A       B       C       D       E      F
               +-------+-------+-------+-------+-------+----------------------
         Total | 100.0 | 100.0 |   3.8 |  54.2 |  32.6 | 900.8
       Dungeon | 100.0 | 100.0 |   3.8 |  54.2 |  32.6 | 900.8
               +-------+-------+-------+-------+-------+----------------------
